 Dungeon Crawl Stone Soup version 0.31-a0-1204-ge2c1a860ed (webtiles) character file.

Game seed: 1840594374401810000

119831 Daunt the Peltast (level 16, -5/145 HPs)
             Began as a White Draconian Hexslinger on Dec 12, 2023.
             Was a Priest of Ashenzari.
             Killed by divine providence
             ... invoked by Saint Roka
              (7 damage)
             ... on level 2 of the Orcish Mines on Dec 13, 2023.
             The game lasted 03:39:29 (27927 turns).

Daunt the Peltast (White Draconian Hexslinger)     Turns: 27927, Time: 03:39:29

Health: -5/145     AC: 16    Str: 12    XL:     16   Next: 28%
Magic:  0/24       EV: 21    Int: 15    God:    Ashenzari [***...]
Gold:   2755       SH: 15    Dex: 21    Spells: 8/26 levels left

rFire   + + .        C - +4 hand cannon (flame)
rCold   + . .        y - +0 kite shield of Lifelessness {rF++ Int+2}
rNeg    . . .        (body armour unavailable)
rPois   .            (helmet restricted)
rElec   .            V - +0 cloak of the Fated Trepidation {Range, Bglg} (curse)
rCorr   .            x - +0 pair of gloves "Burden of Ashenzari" {Dev, Range} (curse)
SInv    +            h - +0 pair of boots of Apeoromancy {Self, Elem} (curse)
Will    +....        s - amulet of the Shattered Sun {Spirit, Elem, Range} (curse)
Stlth   ++++         j - ring of Ashenzari's Augurer {EV+5, Elem, Range} (curse)
HPRegen 0.44/turn    P - +4 ring of protection
MPRegen 0.19/turn

%: clarity, guardian spirit
@: short of breath, studying Ice Magic
A: breathe frost, AC +9, unfitting armour, cold resistance 1, cold-blooded
a: Breathe Frost, Renounce Religion, Curse Item, Shatter the Chains


You were on level 2 of the Orcish Mines.
You worshipped Ashenzari.
Ashenzari was most pleased with you.
You visited 4 branches of the dungeon, and saw 23 of its levels.
You also visited: Bailey, Gauntlet and Ice Cave.

You collected 2755 gold pieces.

Inventory:

Hand Weapons
 C - a +4 hand cannon of flaming (weapon)
Missiles
 a - a curare-tipped dart
Armour
 h - the cursed +0 pair of boots of Apeoromancy (worn) {Self, Elem}
   (You found it on level 1 of the Dungeon)

   It has a curse which improves the following skills: Introspection: Fighting
   and Spellcasting.
   Elements:  Fire Magic, Ice Magic, Air Magic and Earth Magic.
 l - a +1 pair of gloves
 m - a +0 buckler
 x - the cursed +0 pair of gloves "Burden of Ashenzari" (worn) {Dev, Range}
   (You found it on level 7 of the Dungeon)

   It has a curse which improves the following skills: Devices: Evocations and
   Shapeshifting.
   Ranged Combat: Ranged Weapons and Throwing.
 y - the +0 kite shield of Lifelessness (worn) {rF++ Int+2}
   (You acquired it in a bailey)

   Int+2:     It affects your intelligence (+2).
   rF++:      It greatly protects you from fire.
 E - a +0 pair of gloves
 M - a +0 pair of boots
 V - the cursed +0 cloak of the Fated Trepidation (worn) {Range, Bglg}
   (You found it on level 5 of the Lair of Beasts)

   It has a curse which improves the following skills: Ranged Combat: Ranged
   Weapons and Throwing.
   Beguiling: Conjurations, Hexes and Translocations.
Jewellery
 j - the cursed ring of Ashenzari's Augurer (left hand) {EV+5, Elem, Range}
   (You found it on level 3 of the Lair of Beasts)

   [ring of evasion]

   EV+5:      It affects your evasion (+5).
   It has a curse which improves the following skills: Elements: Fire Magic, Ice
   Magic, Air Magic and Earth Magic.
   Ranged Combat: Ranged Weapons and Throwing.
 k - an amulet of reflection
 s - the cursed amulet of the Shattered Sun (around neck) {Spirit, Elem, Range}
   (You found it on level 2 of the Dungeon)

   [amulet of guardian spirit]

   Spirit:    It causes incoming damage to be divided between your reserves of
   health and magic.
   It has a curse which improves the following skills: Elements: Fire Magic, Ice
   Magic, Air Magic and Earth Magic.
   Ranged Combat: Ranged Weapons and Throwing.
 v - a ring of poison resistance
 J - a ring of protection from cold
 L - a ring of resist corrosion
 O - the ring "Ipruhoni" {Fly rElec Str+3 SInv Stlth+}
   (You found it in a Gauntlet)

   [ring of flight]

   Str+3:     It affects your strength (+3).
   rElec:     It insulates you from electricity.
   SInv:      It lets you see invisible.
   Fly:       It grants you flight.
   Stlth+:    It makes you more stealthy.
 P - a +4 ring of protection (right hand)
 Y - an amulet of regeneration
Wands
 g - a wand of flame (84)
 t - a wand of iceblast (22)
 H - a wand of mindburst (16)
 K - a wand of quicksilver (5)
 Q - a wand of charming (11)
Scrolls
 b - 6 scrolls of poison
 d - 3 scrolls of teleportation
 i - 7 scrolls of fog
 r - 5 scrolls of revelation
 z - a scroll of butterflies
 B - 2 scrolls of fear
 G - a scroll of amnesia
 I - 3 scrolls of vulnerability
 N - 2 scrolls of immolation
 T - a scroll of blinking
 W - a scroll of enchant armour
Potions
 c - 2 potions of resistance
 e - 4 potions of haste
 f - 3 potions of magic
 n - 2 potions of berserk rage
 o - 2 potions of curing
 p - 2 potions of might
 q - 3 potions of attraction
 u - 3 potions of lignification
 A - a potion of cancellation
 D - 2 potions of enlightenment
 F - a potion of invisibility
 U - 2 potions of mutation
 X - a potion of brilliance
Miscellaneous
 R - a phial of floods
 S - a phantom mirror


   Skills:
 + Level 12.3(13.7) Fighting
 - Level 14.4(18.0) Ranged Weapons
 - Level 6.8 Dodging
 - Level 6.2 Stealth
 - Level 16.5 Shields
 + Level 4.5(5.9) Spellcasting
 + Level 10.2(11.7) Hexes
 - Level 4.5(6.0) Translocations
 - Level 1.4(3.3) Fire Magic
 + Level 4.3(5.7) Evocations


You had 8 spell levels left.
You knew the following spells:

 Your Spells              Type           Power      Damage    Failure   Level
a - Jinxbite              Hex            78%        N/A       1%          2
b - Blink                 Tloc           44%        N/A       3%          2
c - Cause Fear            Hex            19%        N/A       1%          4
d - Dimensional Bullseye  Hex/Tloc       15%        N/A       7%          4
i - Inner Flame           Hex/Fire       27%        N/A       3%          3
s - Sigil of Binding      Hex            39%        N/A       1%          3

Your spell library contained the following spells:

 Spells                   Type           Power      Damage    Failure   Level
 Ensorcelled Hibernation  Hex/Ice        44%        N/A       3%          2
 Lesser Beckoning         Tloc           44%        N/A       3%          2
 Summon Guardian Golem    Hex/Summ       22%        N/A       7%          3
 Momentum Strike          Conj/Tloc      26%        3d8       11%         2
 Volatile Blastmotes      Fire/Tloc      36%        2d13      12%         3
 Magic Dart               Conj           20%        1d4       24%         1
 Anguish                  Hex/Necr       11%        N/A       24%         4
 Summon Small Mammal      Summ           16%        N/A       26%         1
 Call Imp                 Summ           8%         N/A       38%         2
 Metabolic Englaciation   Hex/Ice        11%        N/A       52%         5
 Frozen Ramparts          Ice            10%        1d2       56%         3
 Ozocubu's Armour         Ice            5%         N/A       56%         3
 Mephitic Cloud           Conj/Pois/Air  5%         N/A       58%         3
 Call Canine Familiar     Summ           4%         N/A       63%         3
 Petrify                  Tmut/Erth      5%         N/A       94%         4
 Animate Dead             Necr           4%         N/A       95%         4
 Borgnjor's Vile Clutch   Necr/Erth      2%         N/A       100%        5
 Death Channel            Necr           2%         N/A       100%        6
 Plasma Beam              Fire/Air       5%         2x1d15    100%        6
 Ozocubu's Refrigeration  Ice            2%         4d8       100%        7
 Ignition                 Fire           7%         3d4       100%        8
 Summon Horrible Things   Summ           2%         N/A       100%        8


Dungeon Overview and Level Annotations

Branches:
Dungeon (15/15) Zot: 25498  Temple (1/1) D:4 Zot: 5979    Lair (5/5) D:9 Zot: 22640
  Swamp (0/4) Lair:2       Spider (0/4) Lair:2        Slime (0/5) Lair:5
    Orc (2/2) D:12 Zot: 10107     Elf (0/3) Orc:2        Vaults (0/5) D:14
 Depths (0/4) D:15         Bailey (visited)           IceCv (visited)
Gauntlet (visited)

Altars:
Ashenzari
Cheibriados
Dithmenos
Elyvilon
Fedhas
Gozag
Hepliaklqana
Kikubaaqudgha
Makhleb
Nemelex Xobeh
Okawaru
Qazlal
Ru
Sif Muna
Trog
Uskayaw
Vehumet
Wu Jian
Xom
Yredelemnul
Zin
The Shining One
Jiyva
Lugonu

Shops:
Orc:2 !((

Portals:
Abyss: D:15

Annotations:
D:5 2 transporters, SecretSquirrel's ghost, weakling VSDe
Orc:2 Saint Roka


Innate Abilities, Weirdness & Mutations

You can breathe waves of freezing cold which knock back foes.
Your icy white scales are hard. (AC +9)
You cannot fit into any form of body armour.
Your flesh is cold resistant. (rC+)
You are cold-blooded and may be slowed by cold attacks.


Message History

Saint Roka is severely wounded.
Unknown command.
You are too injured to fight recklessly!
Fire: C) +4 hand cannon (flame)
Press: ? - help, Q - select action, (/) - cycle Shift-Dir - straight line, f/p - Saint Roka
Aim: Saint Roka, wielding a +2 long sword of holy wrath and wearing a +3 plate armour of cold resistance (severely wounded, 83% to hit)
You shoot a bolt. The bolt barely misses Saint Roka.
Saint Roka invokes the aid of Beogh against you.
Beogh smites you!
* * * LOW HITPOINT WARNING * * *
Unknown command.
Unknown command.
Okay, then.
Unknown command.
Fire: C) +4 hand cannon (flame)
Press: ? - help, Q - select action, (/) - cycle Shift-Dir - straight line, f/p - Saint Roka
Aim: Saint Roka, wielding a +2 long sword of holy wrath and wearing a +3 plate armour of cold resistance (severely wounded, 83% to hit)
You shoot a bolt. The bolt hits Saint Roka!!
The bolt burns Saint Roka.
Saint Roka is almost dead.
You feel ready to blink again.
Saint Roka calls down the wrath of Beogh upon you.
Beogh smites you!
* * * LOW HITPOINT WARNING * * *
Unknown command.
Unknown command.
Fire: C) +4 hand cannon (flame)
Press: ? - help, Q - select action, (/) - cycle Shift-Dir - straight line, f/p - Saint Roka
Aim: Saint Roka, wielding a +2 long sword of holy wrath and wearing a +3 plate armour of cold resistance (almost dead, 83% to hit)
You shoot a bolt. The bolt hits Saint Roka.
The bolt burns Saint Roka.
Saint Roka is almost dead.
Saint Roka calls down the wrath of Beogh upon you.
Beogh smites you!
* * * LOW HITPOINT WARNING * * *
Unknown command.
Unknown command.
Unknown command.
Saint Roka mumbles some strange prayers to Beogh against you.
Beogh smites you!
You die...
Saint Roka roars, "Praise to Beogh!"

..##..## ##...##########.........
.......###..###... ###.....)..
..##....#..## #...# .# #........
.......##..#∩# ...#...####.......
.......##.##.8##'###'##8.#...)...
........#.#...........o..'.8.....
...#...##.#_......8.))...'.......
......###.#.....°.○...^).'.8.....
..##.## #.##.8##@###'##8.#.......
.##### #..# #...#.. ####.......
.#.## #..## #...#. #........
....# ##..###...# ##........
.#.#### ##...##########.........
#.#.#.#######....................
.......#.##..###########.........
......#.......# #......#.........
..#......#..>####.####........#..


You could see Saint Roka.

Vanquished Creatures
  Jorgrun (D:12)
  A tentacled starspawn (D:15)
  A frost giant (IceCv)
  An orc warlord (Orc:2)
  A very ugly thing (D:15)
  A minotaur (Gauntlet)
  A dire elephant (D:15)
  A yaktaur captain (D:14)
  8 hydras
  2 catoblepae
  7 centaur warriors
  4 boulder beetles
  6 two-headed ogres
  A death knight (D:13)
  The ghost of pigah the Martial Artist, a journeyman OpSh of Gozag (D:10)
  An orc high priest (Bailey)
  9 death yaks
  A tengu warrior (D:10)
  3 occultists (D:15)
  A hell hog (Lair:5)
  Nergalle (D:12)
  A skyshark (Lair:4)
  A sixfirhy (Gauntlet)
  A deep troll (D:10)
  6 arcanists
  Pikel (D:6)
  An obsidian statue (Gauntlet)
  A necromancer (Gauntlet)
  3 orc knights
  4 orc sorcerers
  3 manticores
  Maurice (D:12)
  11 ugly things
  4 oklob plants
  5 elephants
  4 cyclopes
  8 kobold blastminers (Orc:2)
  An ice statue (IceCv)
  6 black mambas
  A gargoyle (D:13)
  9 cane toads
  3 unseen horror zombies
  A komodo dragon (shapeshifter) (D:13)
  17 komodo dragons
  3 yaktaurs
  A freezing wraith (D:15)
  11 rime drakes
  A kobold demonologist (Bailey)
  10 trolls
  18 polar bears
  2 hornets
  Prince Ribbit (D:8)
  4 dream sheep
  14 blink frogs
  2 raiju (Lair:5)
  2 culicivoras (Lair:2)
  Sigmund (D:2)
  53 yaks
  A shadow (D:11)
  3 wraiths
  11 slime creatures
  A yak (shapeshifter) (D:15)
  6 starcursed masses (D:15)
  5 basilisks
  6 wyverns
  2 steam dragons (D:8)
  9 vampire mosquitoes
  7 wargs
  15 water moccasins
  4 acid dragons
  15 hell hounds (Lair:5)
  38 orc warriors
  2 sky beasts
  A hornet zombie (D:7)
  A black bear (shapeshifter) (D:13)
  12 black bears
  13 ogres
  36 wolves
  10 centaurs
  A kobold brigand (D:7)
  A phantom (D:5)
  15 bullfrogs
  A wyvern zombie (D:7)
  2 gnoll sergeants
  3 scorpions
  A two-headed ogre simulacrum (D:12)
  15 wights
  19 killer bees
  7 howler monkeys
  8 electric eels
  A crimson imp (D:8)
  A bullfrog zombie (D:7)
  11 centaur zombies
  5 hounds
  15 orc priests
  A jelly (D:6)
  A gnoll bouda (D:5)
  8 iguanas
  2 sleepcaps
  Natasha (twice) (D:2)
  21 orc wizards
  2 spriggan simulacra (D:12)
  4 hell rats (Lair:5)
  A troll simulacrum (D:12)
  2 polar bear simulacra (D:12)
  A mummy (D:4)
  Robin (D:2)
  16 gnolls
  A howler monkey zombie (D:7)
  8 adders
  2 naga simulacra (D:12)
  12 ufetubi
  2 worms
  3 dart slugs
  88 orcs
  8 ball pythons
  4 bats
  5 endoplasms
  2 giant cockroaches
  16 goblins
  16 hobgoblins
  3 jackals (D:2)
  3 quokkas
  4 frilled lizards
  12 kobolds
  4 rats
  A starspawn tentacle (D:15)
829 creatures vanquished.

Vanquished Creatures (others)
  An ogre mage (D:15)
  A two-headed ogre (D:15)
  3 ogres (D:15)
  2 starcursed masses (D:15)
  An orc (Orc:2)
  A starspawn tentacle (D:15)
9 creatures vanquished.

Grand Total: 838 creatures vanquished

Notes
Turn   | Place    | Note
-------+----------+-------------------------------------------
     0 | D:1      | Daunt the Draconian Hexslinger began the quest for the Orb.
     0 | D:1      | Reached XP level 1. HP: 16/16 MP: 2/2
   305 | D:1      | Reached XP level 2. HP: 22/23 MP: 3/3
   340 | D:1      | Learned a level 2 spell: Jinxbite
   878 | D:2      | Noticed Robin
  1082 | D:2      | Reached XP level 3. HP: 17/28 MP: 1/4
  1373 | D:2      | Noticed Natasha
  1381 | D:2      | Killed Natasha
  1382 | D:2      | Reached XP level 4. HP: 33/35 MP: 2/5
  1437 | D:2      | Noticed Sigmund
  1441 | D:2      | Noticed Natasha
  1607 | D:2      | Killed Robin
  1898 | D:2      | Killed Natasha
  1899 | D:2      | Reached XP level 5. HP: 40/40 MP: 3/6
  3215 | D:4      | Reached skill level 5 in Ranged Weapons
  3380 | D:4      | Found a snail-covered altar of Cheibriados.
  3406 | D:4      | Reached XP level 6. HP: 48/48 MP: 5/8
  3585 | D:4      | Found a staircase to the Ecumenical Temple.
  3595 | Temple   | Entered the Ecumenical Temple
  3605 | Temple   | Became a worshipper of Ashenzari the Shackled
  3750 | D:5      | Entered Level 5 of the Dungeon
  3819 | D:5      | Found a transporter.
  3902 | D:5      | Noticed SecretSquirrel's ghost (weakling VSDe)
  3987 | D:5      | Your scales start taking on an icy white colour.
  3987 | D:5      | Reached XP level 7. HP: 57/57 MP: 6/10
  3987 | D:5      | Gained mutation: Your flesh is cold resistant. (rC+) [White
                  | Draconian growth]
  4021 | D:5      | Found a white marble altar of Elyvilon.
  4133 | D:5      | Found a transporter.
  4227 | D:5      | Found a blossoming altar of Fedhas.
  4238 | D:5      | Noticed an oklob plant
  5311 | D:6      | Reached skill level 1 in Fire Magic
  5432 | D:6      | Reached XP level 8. HP: 46/67 MP: 12/12
  5439 | D:5      | Reached * piety under Ashenzari
  6097 | D:6      | Noticed Pikel
  6109 | D:6      | Killed Pikel
  6110 | D:6      | Reached skill level 5 in Fighting
  6110 | D:6      | Reached skill level 5 in Hexes
  6147 | D:6      | Reached XP level 9. HP: 78/78 MP: 14/14
  6151 | D:6      | Learned a level 3 spell: Inner Flame
  6254 | D:7      | Reached ** piety under Ashenzari
  6448 | D:7      | Found a glowing silver altar of Zin.
  7254 | D:8      | Noticed Prince Ribbit
  7270 | D:8      | Killed Prince Ribbit
  7282 | D:8      | Found a flagged portal.
  7305 | Bailey   | Entered a bailey
  7411 | Bailey   | Learned a level 4 spell: Cause Fear
  7426 | Bailey   | Noticed a kobold demonologist
  7430 | Bailey   | Noticed a soul eater
  7447 | Bailey   | Noticed a soul eater
  7462 | Bailey   | Noticed a hellwing
  7473 | Bailey   | Killed a kobold demonologist
  7474 | Bailey   | Reached XP level 10. HP: 45/88 MP: 2/15
  7746 | Bailey   | Identified 3 scrolls of acquirement
  7808 | Bailey   | Found an iron altar of Okawaru.
  7809 | Bailey   | Noticed an orc knight
  8177 | Bailey   | Noticed an orc high priest
  8238 | Bailey   | Killed an orc high priest
  8239 | Bailey   | Reached skill level 10 in Ranged Weapons
  8262 | Bailey   | Reached XP level 11. HP: 95/99 MP: 16/16
  8263 | Bailey   | Acquired the +4 shortbow "Ushrutor" {elec, rPois rF- Dex+2}
  8267 | Bailey   | Acquired a +1 hand cannon of flaming
  8269 | Bailey   | Acquired the +0 kite shield of Lifelessness {rF++ Int+2}
  8687 | D:8      | Found an ornate altar of the Wu Jian Council.
  8835 | D:8      | Found a burning altar of Makhleb.
  8839 | D:8      | Found a radiant altar of Vehumet.
  9170 | D:8      | Found a sacrificial altar of Ru.
  9264 | D:8      | Learned a level 3 spell: Sigil of Binding
  9472 | D:9      | Reached skill level 5 in Dodging
  9472 | D:9      | Reached skill level 1 in Stealth
  9472 | D:9      | Reached skill level 1 in Translocations
  9756 | D:9      | Found a staircase to the Lair.
  9926 | D:10     | Entered Level 10 of the Dungeon
 10009 | D:10     | Learned a level 4 spell: Dimensional Bullseye
 10080 | D:10     | Found a basalt altar of Yredelemnul.
 10108 | D:10     | Reached XP level 12. HP: 103/110 MP: 18/18
 10274 | D:10     | Identified the Codex of the Called Valley
 10277 | D:10     | Found a sparkling altar of Nemelex Xobeh.
 10297 | D:10     | Found a stormy altar of Qazlal.
 10297 | D:10     | Found a shadowy altar of Dithmenos.
 10593 | D:10     | Found a runed translucent gate.
 10593 | D:10     | Found a runed translucent gate.
 10593 | D:10     | Found an opulent altar of Gozag.
 10594 | D:10     | Found a runed translucent gate.
 10594 | D:10     | Noticed a boulder beetle
 10595 | D:10     | Noticed a tengu warrior
 10595 | D:10     | Noticed pigah's ghost (journeyman OpSh)
 10699 | D:10     | Found a hazy altar of Hepliaklqana.
 10894 | D:10     | Found a shimmering blue altar of Sif Muna.
 10932 | D:10     | Found a shimmering altar of Xom.
 10941 | D:10     | Found an iron altar of Okawaru.
 11207 | Lair:1   | Entered Level 1 of the Lair of Beasts
 11315 | Lair:1   | Reached skill level 10 in Fighting
 11618 | Lair:1   | Found a shimmering altar of Xom.
 12011 | Lair:2   | Reached *** piety under Ashenzari
 12046 | Lair:2   | Found a hole to the Spider Nest.
 12218 | Lair:2   | Reached skill level 1 in Evocations
 12315 | Lair:2   | Found a staircase to the Swamp.
 13294 | Lair:3   | Found a gate leading to a gauntlet.
 13310 | Lair:3   | Reached **** piety under Ashenzari
 13332 | Gauntlet | Entered a Gauntlet
 13332 | Gauntlet | Found a transporter.
 13332 | Gauntlet | Found a transporter.
 13344 | Gauntlet | Found a transporter.
 13344 | Gauntlet | Found a transporter.
 13354 | Gauntlet | Found a transporter.
 13366 | Gauntlet | Found a transporter.
 13374 | Gauntlet | Identified the +1 plate armour of Inquiry {-Cast rN+ Str+5
                  | Stlth-}
 13383 | Gauntlet | Found a transporter.
 13385 | Gauntlet | Found a transporter.
 13385 | Gauntlet | Identified the +0 cloak of Discretion {Harm rF+++ Str-3
                  | Slay-4}
 13388 | Gauntlet | Found a transporter.
 13388 | Gauntlet | Found a transporter.
 13399 | Gauntlet | Noticed a great orb of eyes
 13406 | Gauntlet | Found a transporter.
 13411 | Gauntlet | Found a runed translucent door.
 13417 | Gauntlet | Found a runed translucent gate.
 13418 | Gauntlet | Found a transporter.
 13418 | Gauntlet | Found a runed translucent gate.
 13419 | Gauntlet | Found a runed translucent gate.
 13420 | Gauntlet | Identified the ring "Ipruhoni" {Fly rElec Str+3 SInv
                  | Stlth+}
 13428 | Gauntlet | Found a transporter.
 13429 | Gauntlet | Noticed a death scarab
 13429 | Gauntlet | Noticed a death scarab
 13431 | Gauntlet | Identified the +1 cloak "Ylis" {rF+++ rC+ Will+ Dex-5}
 13445 | Gauntlet | Found a transporter.
 13774 | Gauntlet | Identified the Parchment of the Arsonist
 13774 | Gauntlet | Noticed a minotaur
 13811 | Gauntlet | Killed a minotaur
 13812 | Gauntlet | Reached XP level 13. HP: 101/125 MP: 19/21
 14021 | Lair:3   | Reached skill level 5 in Stealth
 15040 | Lair:4   | Reached skill level 10 in Hexes
 16080 | Lair:5   | Entered Level 5 of the Lair of Beasts
 16697 | Lair:5   | Reached ***** piety under Ashenzari
 16735 | Lair:5   | Reached skill level 1 in Shields
 16751 | Lair:5   | Reached skill level 2 in Shields
 16993 | Lair:5   | Reached XP level 14. HP: 137/137 MP: 25/25
 17046 | Lair:5   | Reached skill level 3 in Shields
 17176 | Lair:5   | Reached skill level 4 in Shields
 17375 | Lair:5   | Reached skill level 5 in Shields
 17569 | Lair:5   | Reached skill level 6 in Shields
 18249 | Lair:5   | Found a staircase to the Slime Pits.
 18254 | Lair:5   | Reached skill level 7 in Shields
 18277 | Lair:5   | Found a viscous altar of Jiyva.
 18645 | Lair:5   | Reached skill level 8 in Shields
 18982 | Lair:5   | Reached skill level 9 in Shields
 19629 | D:2      | Killed Sigmund
 19998 | D:10     | Killed pigah's ghost
 19999 | D:10     | Reached skill level 10 in Shields
 20909 | D:12     | Found a frozen archway.
 20930 | IceCv    | Entered an ice cave
 20949 | IceCv    | Reached skill level 11 in Shields
 21324 | IceCv    | Reached XP level 15. HP: 101/136 MP: 4/22
 21450 | IceCv    | Noticed a frost giant
 21469 | IceCv    | Killed a frost giant
 21470 | IceCv    | Reached skill level 12 in Shields
 21760 | D:12     | Noticed Maurice
 21766 | D:12     | Killed Maurice
 21947 | D:12     | Found a staircase to the Orcish Mines.
 22108 | D:12     | Noticed Jorgrun
 22112 | D:12     | Noticed Nergalle
 22128 | D:12     | Killed Jorgrun
 22129 | D:12     | Killed Nergalle
 22490 | D:12     | Reached skill level 13 in Shields
 23621 | D:13     | Reached skill level 14 in Shields
 24051 | D:14     | Found a gate to the Vaults.
 24549 | D:15     | Entered Level 15 of the Dungeon
 24669 | D:15     | Reached skill level 15 in Shields
 25220 | D:15     | Found a staircase to the Depths.
 25435 | D:15     | Identified the +6 flail "Walos" {antimagic, Int-2 Dex+2
                  | Stlth+}
 25487 | D:15     | Found a corrupted altar of Lugonu.
 25503 | D:15     | Found a corrupted altar of Lugonu.
 25519 | D:15     | Reached skill level 16 in Shields
 25527 | D:15     | Found a corrupted altar of Lugonu.
 25541 | D:15     | Paralysed by an ogre mage for 3 turns
 25881 | D:15     | Reached XP level 16. HP: 127/144 MP: 17/23
 25917 | D:15     | Found the +8 demon trident "Rift" {distort, reach+}
 25944 | D:15     | Noticed a tentacled starspawn
 25951 | D:15     | Killed a tentacled starspawn
 25962 | D:15     | Found a one-way gate to the infinite horrors of the Abyss.
 26044 | Orc:1    | Entered Level 1 of the Orcish Mines
 26058 | Orc:1    | Learned a level 2 spell: Blink
 26119 | Orc:1    | Paralysed by an orc sorcerer for 5 turns
 26348 | Orc:2    | Entered Level 2 of the Orcish Mines
 26408 | Orc:2    | Paralysed by an orc sorcerer for 4 turns
 26412 | Orc:2    | HP: 3/138 [orange demon[an orc knight] (4)]
 27243 | Orc:2    | Found Cocsik's Antique Weapon Shoppe.
 27318 | Orc:2    | Found a staircase to the Elven Halls.
 27555 | Orc:2    | Found Lumn's Distillery.
 27819 | Orc:2    | Noticed Saint Roka
 27921 | Orc:2    | Found Wugor's Antique Weapon Shoppe.
 27926 | Orc:2    | HP: 2/145 [Saint Roka/divine providence (12)]
 27927 | Orc:2    | Killed from afar by Saint Roka

Illustrated notes

Levels and vault maps discovered:
D:1:      lemuel_arrival_hallway, layout_loops_corners,
          minmay_misc_feat_enclosed
D:2:      layout_basic, uniq_natasha, uniq_robin, uniq_sigmund
D:3:      layout_basic, nrook_uturn
D:4:      layout_basic, slow_altar_1, minmay_temple_entry_mist
D:5:      layout_loops_ring, tgw_fedhas, lemuel_doored_altar,
          gammafunk_ghost_hive, grunt_ministairs_2
D:6:      layout_cave_pools, uniq_pikel
D:7:      layout_cave_pods, mainiacjoe_overflow_tiny_flanked, serial_undead,
          serial_undead_f, serial_undead_a, serial_undead_d, serial_undead_b,
          serial_undead_e, minivault_27
D:8:      layout_loops_ring, grunt_temple_overflow_lords_of_destruction,
          mainiacjoe_overflow_six_doors_small, old_standard_altar,
          enter_bailey_3, uniq_prince_ribbit1
D:9:      layout_rooms, grunt_lair_entry_orc_guard_hut, minmay_lizard_king
D:10:     layout_basic, nemelex_xobeh_ov_fountains_minmay, marbit_many_paths,
          nicolae_yredelemnul_corpse_copse, gammafunk_temple_overflow_forgotten,
          chequers_temple_overflow_statue_of_worship, ebering_ghost_gozag
D:11:     layout_grid_maze
D:12:     layout_irregular_city, david_orc_2,
          portal_ice_cave_entry_ice_simulacra, minmay_crystal_water,
          uniq_maurice, uniq_nergalle, uniq_jorgrun
D:13:     minmay_connected_triangles_in_corner, layout_basic, grunt_ministairs_8
D:14:     layout_big_octagon, david_vaults_2, hangedman_abyss_or_decor_clamps
D:15:     hangedman_depths_entry_try_elsewhere_first, layout_gridville,
          hangedman_decor_lopped, hellmonk_guarded_unrand_rift
Temple:   nicolae_temple_two_arcs
Lair:1:   layout_regular_city, basic_altar
Lair:2:   layout_hall_layers, swamp_mist_pool,
          hellmonk_spider_entry_life_and_decay, serial_bayou_pond_c
Lair:3:   layout_long_grid, gauntlet_entry_generic, beast_lair_carwin_4,
          infiniplex_staircase_pool_2
Lair:4:   layout_cave_pods
Lair:5:   hangedman_lair_caniforms_friends, layout_small_grid,
          minmay_slime_entry_oklob_open, serial_bayou, serial_bayou_shore_a,
          serial_bayou_pond_d, serial_bayou_pond_a, serial_bayou_shore_b,
          serial_bayou_pond_c, serial_bayou_pond_e, nicolae_lair_yak_garden
Orc:1:    dreamdust_wu_jian_sword_trials, layout_caves
Orc:2:    grunt_orc_community_town_hall, layout_caves,
          grunt_orc_community_big_house_1, grunt_orc_community_big_house_1,
          grunt_orc_community_house_2, grunt_orc_community_house_2,
          grunt_orc_community_house_2, grunt_orc_community_house_1,
          minmay_orc_temple_b

Skill      XL: |  1  2  3  4  5  6  7  8  9 10 11 12 13 14 15 16 |
---------------+-------------------------------------------------+-----
Ranged Weapons | 2 3 4 5 6 8 9 11 12 13 14 | 14.4
Hexes          | 3 4 5 6 8 9 10 | 10.2
Fighting       | 3 4 5 7 8 9 10 12 | 12.3
Spellcasting   | 2 3 4 |  4.5
Fire Magic     | 0 1 |  1.4
Dodging        | 2 4 5 6 |  6.8
Stealth        | 2 4 6 |  6.2
Translocations | 2 4 |  4.5
Evocations     | 2 3 4 |  4.3
Shields        | 2 11 16 | 16.5

Action                     |  1- 3 |  4- 6 |  7- 9 | 10-12 | 13-15 | 16-18 || total
---------------------------+-------+-------+-------+-------+-------+-------++-------
   Fire: Sling             |   117 |   190 |   232 |       |       |       ||   539
         Orcbow            |       |       |   195 |    52 |       |       ||   247
         Shortbow          |       |       |       |   609 |   793 |       ||  1402
         Hand cannon       |       |       |       |       |   438 |   255 ||   693
   Cast: Jinxbite          |     7 |    14 |    51 |    32 |    49 |     3 ||   156
         Cause Fear        |       |       |     3 |     1 |       |       ||     4
         Inner Flame       |       |       |     2 |     2 |    25 |     3 ||    32
         Dimensional Bulls |       |       |       |    12 |    55 |    14 ||    81
         Sigil of Binding  |       |       |       |     3 |     5 |       ||     8
         Blink             |       |       |       |       |       |     3 ||     3
 Invoke: Curse Item        |       |       |     3 |     3 |     3 |       ||     9
         Shatter the Chain |       |       |     1 |       |     3 |       ||     4
Ability: Breathe Frost     |       |       |       |       |     8 |     3 ||    11
    Use: Scroll            |       |     1 |       |     5 |     7 |     2 ||    15
         Potion            |       |       |     3 |     1 |     3 |     9 ||    16
 Armour: Skin              |    40 |    54 |   204 |   192 |   271 |    52 ||   813
  Dodge: Dodged            |    36 |    71 |   201 |   202 |   285 |    68 ||   863
  Block: Buckler           |       |       |       |       |    77 |       ||    77
         Kite shield       |       |       |       |       |       |   136 ||   136

Table legend: (Time is in decaauts)
 A = Elapsed time spent in this place.
 B = Non-inter-level travel time spent in this place.
 C = Inter-level travel time spent in this place.
 D = Time resting spent in this place.
 E = Time spent auto-exploring this place.
 F = Levels seen in this place.
 G = Mean time per level.
                   A        B        C        D        E       F      G
               +--------+--------+--------+--------+--------+-----+--------+
         Total |  27700 |  25575 |   2125 |   5197 |  13983 |  26 | 1065.4 |
       Dungeon |  16048 |  14356 |   1692 |   2072 |   9155 |  15 | 1069.9 |
        Temple |     20 |     20 |      0 |      0 |      0 |   1 |   20.0 |
          Lair |   7359 |   6944 |    415 |   1756 |   3611 |   5 | 1471.8 |
  Orcish Mines |   1891 |   1875 |     16 |    563 |    745 |   2 |  945.5 |
        Bailey |   1132 |   1132 |      0 |    452 |    209 |   1 | 1132.0 |
      Ice Cave |    767 |    767 |      0 |    230 |    242 |   1 |  767.0 |
      Gauntlet |    479 |    479 |      0 |    123 |     19 |   1 |  479.0 |
               +--------+--------+--------+--------+--------+-----+--------+

Top non-repeatable levels by time:
  Lair:5: 2534 daAuts
     D:5: 1828 daAuts
  Lair:4: 1643 daAuts
    D:10: 1470 daAuts
    D:15: 1447 daAuts
   Orc:2: 1288 daAuts
    D:13: 1267 daAuts
  Lair:2: 1224 daAuts
     D:1: 1172 daAuts
  Bailey: 1132 daAuts
  Lair:3: 1117 daAuts
     D:7: 1022 daAuts
     D:2: 982 daAuts
     D:3: 954 daAuts
     D:4: 948 daAuts
